 Dungeon Crawl Stone Soup version 0.30-a0-696-g2367cd04db (webtiles) character file.

Game seed: 18079557427239857538

2 wormed the Caller (level 1, -1/13 HPs)
             Began as a Demonspawn Summoner on Jan 20, 2023.
             Slain by a kobold
             ... wielding a +2 whip of flaming
              (3 damage)
             ... on level 1 of the Dungeon.
             The game lasted 00:00:31 (134 turns).

wormed the Caller (Demonspawn Summoner)              Turns: 134, Time: 00:00:31

Health: -1/13      AC:  2    Str:  8    XL:     1   Next: 33%
Magic:  3/3        EV: 12    Int: 16    God:
Gold:   19         SH:  0    Dex: 13    Spells: 3/4 levels left

rFire   . . .      SeeInvis .    (no weapon)
rCold   . . .      Faith    .    (no shield)
rNeg    . . .      Spirit   .    a - +0 robe
rPois   .          Reflect  .    (no helmet)
rElec   .          Harm     .    (no cloak)
rCorr   .          Rampage  .    (no gloves)
Will    .....                    (no boots)
Stlth   ++                       (no amulet)
HPRegen 0.22/turn                (no ring)
MPRegen 0.08/turn                (no ring)

@: very slightly contaminated
A: no striking features
a: no special abilities


You were on level 1 of the Dungeon.
You visited 1 branch of the dungeon, and saw 1 of its levels.

You collected 19 gold pieces.

Inventory:

Armour
 a - a +0 robe (worn)


   Skills:
 - Level 1.7 Dodging
 - Level 1.7 Stealth
 + Level 2.0 Spellcasting
 + Level 0.2 Hexes
 + Level 4.0 Summonings


You had 3 spell levels left.
You knew the following spells:

 Your Spells              Type           Power      Damage    Failure   Level
a - Summon Small Mammal   Summ           56%        N/A       4%          1

Your spell library contained the following spells:

 Spells                   Type           Power      Damage    Failure   Level
 Call Imp                 Summ           14%        N/A       6%          2
 Call Canine Familiar     Summ           14%        N/A       12%         3
 Summon Guardian Golem    Hex/Summ       8%         N/A       26%         3
 Summon Lightning Spire   Summ/Air       8%         N/A       65%         4


Dungeon Overview and Level Annotations

Branches:
Dungeon (1/15)

Altars:


Message History

Your bat hits the bat.
The bat dies!
Your bat disappears in a puff of smoke!
You swap places.
A kobold comes into view. It is wielding a +2 whip of flaming.
The kobold shouts!
You see here 2 scrolls labelled MUSAUT CI TEOR.
A kobold is nearby!
A kobold is nearby!
A kobold is nearby!
The kobold hits you with a +2 whip of flaming.
The kobold burns you.
Casting: Summon Small Mammal (safe; 4% risk of failure)
Confirm with . or Enter, or press ? or * to list all spells.
You miscast Summon Small Mammal.
You are very lightly contaminated with residual magic.
Nothing appears to happen.
The kobold hits you with a +2 whip of flaming.
The kobold burns you.
You swap places.
Your bat misses the kobold.
The kobold hits your bat with a +2 whip of flaming!
The kobold burns your bat.
Your bat dies!
Your bat's corpse disappears in a puff of smoke!
You see here a bat corpse.
Casting: Summon Small Mammal (safe; 4% risk of failure)
Confirm with . or Enter, or press ? or * to list all spells.
Your bat misses the kobold.
Casting: Summon Small Mammal (safe; 4% risk of failure)
Confirm with . or Enter, or press ? or * to list all spells.
You miscast Summon Small Mammal.
Nothing appears to happen.
Your bat hits the kobold but does no damage. x2
Your bat completely misses the kobold.
The kobold hits you with a +2 whip of flaming.
* * * LOW HITPOINT WARNING * * *
The kobold burns you.
* * * LOW HITPOINT WARNING * * *
Magic courses through your body.
Your bat closely misses the kobold.
The kobold hits you with a +2 whip of flaming.
You die...

#......##
##.......#
#..#.###.#
#.##.# .#
##.##.# #
#..##.#
##.###.# #..#
#.#
#.####@#####..
#....?Kb......
######.#######
#.# #.# #.#
..# ###


You could see a kobold (ally target) and a friendly bat (summoned).

Vanquished Creatures (collateral kills)
  A bat (D:1)
  A goblin (D:1)
2 creatures vanquished.

Notes
Turn   | Place    | Note
-------+----------+-------------------------------------------
     0 | D:1      | wormed the Demonspawn Summoner began the quest for the Orb.
     0 | D:1      | Reached XP level 1. HP: 13/13 MP: 3/3
   134 | D:1      | Slain by a kobold

Illustrated notes

Levels and vault maps discovered:
D:1:      dpeg_arrival_rhombus, layout_rooms

Action                   || total
-------------------------++-------
 Cast: Summon Small Mamm ||     5
  Use: Potion            ||     1

Table legend: (Time is in decaauts)
 A = Elapsed time spent in this place.
 B = Non-inter-level travel time spent in this place.
 C = Inter-level travel time spent in this place.
 D = Time resting spent in this place.
 E = Time spent auto-exploring this place.
 F = Levels seen in this place.
 G = Mean time per level.
                   A        B        C        D        E       F      G
               +--------+--------+--------+--------+--------+-----+--------+
         Total |    134 |    134 |      0 |      0 |    107 |   1 |  134.0 |
       Dungeon |    134 |    134 |      0 |      0 |    107 |   1 |  134.0 |
               +--------+--------+--------+--------+--------+-----+--------+

Top non-repeatable levels by time:
     D:1: 134 daAuts
